 Dungeon Crawl Stone Soup version 0.18.1-1-g2f07953 (webtiles) character file.

417424 Svalin the Executioner (level 23, -3/337 HPs)
             Began as a Hill Orc Berserker on May 7, 2016.
             Was a High Priest of Trog.
             Slain by a death cob (8 damage)
             ... on level 1 of the Realm of Zot.
             The game lasted 02:52:07 (55659 turns).

Svalin the Executioner (Hill Orc Berserker)        Turns: 55659, Time: 02:52:08

Health: -3/337     AC: 43    Str: 29    XL:     23   Next: 29%
Magic:  34/34      EV: 18    Int: 10    God:    Trog [*****.]
Gold:   1929       SH:  0    Dex: 16    Spells: 0 memorised, 22 levels left

rFire  + . .     SeeInvis +     w - +12 battleaxe of the Grey Skies {chop, -Tele SInv Stlth+}
rCold  . . .     Gourm    .     i - +9 plate armour of Jaylys {rElec}
rNeg   . . .     Faith    +     (shield currently unavailable)
rPois  +         Spirit   .     y - +2 hat {Int+3}
rElec  +         Dismiss  .     p - +2 cloak {MR+}
rCorr  .         Reflect  .     R - +2 pair of gloves
SustAt .         Harm     .     X - +2 pair of boots "Xuex" {rF+}
MR     ++...     NoTele   +     Q - amulet of faith
Stlth  ..........               b - ring of stealth
                                j - +6 ring of evasion

@: berserking, slowed, constricted, very resistant to hostile enchantments,
extremely unstealthy
A: poison resistance
a: Berserk, Trog's Hand, Brothers in Arms, Burn Spellbooks, Renounce Religion
}: 3/15 runes: decaying, silver, gossamer


You were on level 1 of the Realm of Zot.
You worshipped Trog.
Trog was extremely pleased with you.
You were very hungry.

You visited 8 branches of the dungeon, and saw 44 of its levels.
You also visited: Labyrinth.

You collected 3665 gold pieces.
You spent 1736 gold pieces at shops.

Inventory:

Hand Weapons
 w - the +12 battleaxe of the Grey Skies (weapon) {chop, -Tele SInv Stlth+}
   (You bought it in a shop on level 2 of the Orcish Mines)

   It inflicts extra damage upon your enemies.
   It lets you see invisible.
   It prevents most forms of teleportation.
   It makes you more stealthy.
 Y - the +8 mithril axe "Arga" {speed, MR+ Str+2}
   (You took it off a deep elf mage on level 5 of the Vaults)

   Attacks with this weapon are significantly faster.
   It affects your strength (+2).
   It affects your resistance to hostile enchantments.
Armour
 i - the +9 plate armour of Jaylys (worn) {rElec}
   (You bought it in a shop on level 2 of the Orcish Mines)

   It insulates you from electricity.
 p - a +2 cloak of magic resistance (worn)
 y - a +2 hat of intelligence (worn)
 R - a +2 pair of gloves (worn)
 X - the +2 pair of boots "Xuex" (worn) {rF+}
   (You found it on level 3 of the Swamp)

   It protects you from fire.
Jewellery
 a - a +4 amulet of reflection
 b - a ring of stealth (right hand)
 j - a +6 ring of evasion (left hand)
 n - an uncursed ring of resist corrosion
 o - an uncursed ring of protection from fire
 H - an uncursed ring of protection from cold
 Q - an amulet of faith (around neck)
 W - an uncursed ring of protection from magic
Wands
 d - a wand of disintegration (2/24)
 l - a wand of teleportation (8/9)
 q - a wand of heal wounds (4/9)
 B - a wand of iceblast (14/15)
 L - a wand of digging (9/24)
 N - a wand of lightning (6/15)
 Z - a wand of enslavement (18/24)
Scrolls
 g - 12 scrolls of teleportation
 u - 8 scrolls of fog
 z - 7 scrolls of remove curse
 C - a scroll of magic mapping
Potions
 e - 11 potions of curing
 f - a potion of cancellation
 m - 10 potions of cure mutation
 r - a potion of invisibility
 I - a potion of haste
 M - a potion of resistance {unknown}
 O - a potion of heal wounds
 P - a potion of might
 S - 3 potions of agility
 T - 4 potions of lignification
 U - 7 potions of flight
 V - 3 potions of ambrosia
Miscellaneous
 k - a box of beasts {used: 1}
 v - a plain deck of changes
 D - a fan of gales
 F - a legendary deck of escape {Solitude}
 G - a lamp of fire
 K - a sack of spiders
Comestibles
 c - 16 bread rations
 h - 13 slices of pizza
 s - 17 meat rations
 t - 13 fruits
 E - 2 royal jellies
 J - 4 beef jerkies


   Skills:
 + Level 22.7 Fighting
 + Level 24.6 Axes
 + Level 22.1 Armour
 + Level 10.7 Dodging
 - Level 15.0 Evocations


You had 22 spell levels left.
You didn't know any spells.

Dungeon Overview and Level Annotations

Branches:
Dungeon (15/15)            Temple (0/1) D:4            Lair (8/8) D:10
  Swamp (4/4) Lair:5       Spider (4/4) Lair:4        Slime (0/6) Lair:7
    Orc (2/2) D:11            Elf (0/3) Orc:2        Vaults (5/5) D:13
  Crypt (0/3) Vaults:2     Depths (5/5) D:15            Zot (1/5) Depths:5

Altars:
Ashenzari
Cheibriados
Okawaru
Vehumet
Yredelemnul
The Shining One

Shops:
D:8 %   D:14 [   Orc:2 **}[:((   Vaults:2 (

Portals:
Hell: Depths:4
Abyss: Depths:4
Ziggurat: Depths:4


Innate Abilities, Weirdness & Mutations

Your system is resistant to poisons.


Message History

Your troll closely misses the death cob.
Your troll claws the death cob.
The tentacled monstrosity misses you. x2
The tentacled monstrosity tentacle-slaps you but does no damage.
The tentacled monstrosity constricts you.
Your death cob misses the death cob.
The moth of wrath barely misses you.
You are too berserk!
You are feeling very hungry.
You slice the moth of wrath!!
The moth of wrath is severely wounded.
You barely miss the death cob.
The death cob is moderately damaged.
You closely miss the death cob. You slash the tentacled monstrosity!
The tentacled monstrosity is heavily wounded.
You slice the moth of wrath like a ripe choko!!!
You feel the power of Trog in you as your rage grows.
You kill the moth of wrath!
Trog accepts your kill.
The death cob hits you but does no damage.
The death cob hits you!
You die...

.. !.... ...#
.... ..# .... #.#
..... #.### .....
##.y.# ......
##..X>##...$..
##..@zD........
#..y)z#........
#.....zT......y.
#.....#...##$.8..
......#...## ....
#.(...#..8## .##
.....#....# 8#
....#...##. .
..#...# #


You could see a tentacled monstrosity, a golden dragon (berserk), 2 death cobs,
a moth of wrath, a friendly death cob, a friendly moth of wrath and a friendly
troll (berserk).

Vanquished Creatures
  An ancient lich (Vaults:5)
  2 golden dragons
  Arachne (Spider:3)
  A lich (Vaults:2)
  3 titans (Vaults:5)
  A tentacled monstrosity (Vaults:5)
  3 sphinxes
  Gastronok (Lair:3)
  Agnes (Spider:3)
  6 shadow dragons
  A thorn hunter (Swamp:3)
  3 tengu reavers
  A draconian monk (Depths:5)
  2 storm dragons (Vaults:5)
  10 fire giants
  3 frost giants
  An iron dragon (Vaults:5)
  A deep elf sorcerer (Vaults:5)
  A draconian zealot (Depths:5)
  An orc warlord (Orc:2)
  Aizul (Swamp:2)
  13 vault wardens
  5 emperor scorpions
  3 ghost moths
  3 ghouls (D:13)
  15 ironheart preservers
  2 spriggan defenders (Depths:5)
  11 very ugly things
  2 war gargoyles (Vaults:5)
  A juggernaut zombie (D:15)
  14 stone giants
  3 vampire knights
  3 salamander stormcallers
  3 deep elf annihilators
  A deep elf demonologist (Vaults:2)
  A black draconian (Depths:5)
  5 spark wasps
  A yellow draconian (Depths:5)
  Snorg (Orc:1)
  6 ettins
  An eidolon (Vaults:2)
  A deep elf death mage (Vaults:5)
  22 vault guards
  5 great orbs of eyes
  11 hydras
  The ghost of unimpressed the Severer, a journeyman MiBe of Trog (Lair:3)
  A minotaur (Lab)
  10 yaktaur captains
  2 fire dragons (Depths:4)
  4 spriggan air magi (Depths:5)
  5 ice dragons
  A catoblepas (D:14)
  2 ghost crabs
  6 alligators
  7 centaur warriors
  3 dancing weapons
  15 ogre magi
  5 tengu warriors
  A hell hog (shapeshifter) (Vaults:5)
  2 death knights (D:15)
  5 deep troll shamans
  A deep troll earth mage (Vaults:4)
  11 death yaks
  An orc high priest (Orc:2)
  A deep elf knight (Vaults:5)
  4 spriggan berserkers
  A vampire mage (Depths:5)
  A fire crab (Vaults:4)
  13 spriggans
  A titan skeleton (Vaults:5)
  5 skeletal warriors
  A salamander mystic (Vaults:4)
  An unseen horror (shapeshifter) (D:13)
  2 flayed ghosts
  2 shadow wraiths
  17 deep trolls
  A giant orange brain (shapeshifter) (Vaults:5)
  A swamp dragon (shapeshifter) (Vaults:5)
  3 iron trolls (Depths:5)
  4 unseen horrors
  A giant orange brain (Depths:4)
  14 ironbrand convokers
  5 deep elf archers
  A spriggan druid (Depths:1)
  6 swamp dragons
  An anubis guard (shapeshifter) (Depths:4)
  2 shambling mangroves (Swamp:4)
  2 phantasmal warriors
  A harpy (shapeshifter) (Vaults:4)
  11 orc knights
  A wolf spider zombie (D:13)
  A lindwurm (Lair:4)
  9 hill giants
  5 harpies (Vaults:1)
  13 deep elf magi
  2 griffons
  8 orb spiders
  13 ugly things
  5 necromancers
  8 wizards
  29 wolf spiders
  2 salamanders (Vaults:4)
  8 orc sorcerers
  10 hornets
  A frost giant zombie (D:15)
  8 cyclopes
  A tengu skeleton (Vaults:5)
  13 elephants
  An iron dragon skeleton (Vaults:5)
  4 moths of wrath
  A stone giant skeleton (D:15)
  3 manticores
  3 torpor snails
  A naga mage (Vaults:2)
  3 black mambas
  A fire giant skeleton (Depths:3)
  2 vault sentinels
  7 gargoyles
  7 rime drakes
  14 spiny frogs
  2 kobold demonologists (Vaults:2)
  A redback zombie (D:13)
  11 komodo dragons
  5 freezing wraiths
  48 yaktaurs
  A spark wasp simulacrum (Depths:3)
  12 demonic crawlers
  2 guardian mummies
  The ghost of ochandle the Skirmisher, an amateur HOFi (D:7)
  A queen bee (Spider:1)
  4 giant leeches (Swamp:4)
  5 tengu conjurers
  9 trolls
  42 jumping spiders
  17 two-headed ogres
  A jumping spider (shapeshifter) (Depths:1)
  A polar bear (Lair:6)
  14 blink frogs
  A blink frog (shapeshifter) (Vaults:4)
  7 slime creatures
  An ettin zombie (Vaults:5)
  11 bog bodies
  5 boulder beetles
  A raiju (shapeshifter) (D:15)
  2 shadows
  100 redbacks
  2 water elementals (Depths:5)
  37 yaks
  A vampire (D:12)
  The ghost of Eucla the Chopper, an amateur DDFi (D:3)
  7 air elementals (Depths:5)
  A human (shapeshifter) (D:15)
  3 wraiths (D:15)
  31 tarantellas
  A tarantella (shapeshifter) (Vaults:2)
  3 basilisks
  A yak (shapeshifter) (D:14)
  10 hippogriffs
  2 humans
  3 fire bats (Depths:4)
  3 hungry ghosts
  3 steam dragons (Lair:8)
  5 wargs
  20 vampire mosquitoes
  10 insubstantial wisps
  4 mottled dragons
  12 swamp worms
  15 water moccasins
  A water moccasin (shapeshifter) (Vaults:4)
  2 soldier ants (Lair:7)
  A giant eyeball (shapeshifter) (Vaults:2)
  11 porcupines
  22 orc warriors
  3 sky beasts
  16 wasps
  12 ice beasts
  A necrophage (D:12)
  48 ogres
  8 swamp drakes
  An eye of draining (D:12)
  3 black bears
  11 wolves
  9 boggarts
  7 centaurs
  15 crocodiles
  2 big kobolds
  29 giant frogs
  2 gnoll sergeants
  4 wyvern zombies
  6 scorpions
  A water moccasin zombie (D:7)
  9 killer bees (Spider:1)
  4 wights
  A howler monkey (D:7)
  3 electric eels
  A wasp zombie (D:13)
  6 crimson imps
  A giant frog zombie (D:6)
  12 centaur zombies
  9 hounds
  7 jellies
  4 centaur skeletons
  2 giant frog skeletons
  18 orc priests
  2 human skeletons
  11 iguanas
  32 orc wizards
  Natasha (D:2)
  20 worker ants
  5 hell rats (Lair:4)
  11 sheep
  2 hound skeletons
  A hound zombie (D:8)
  3 mummies (D:13)
  A howler monkey zombie (D:8)
  17 gnolls
  2 howler monkey skeletons
  12 adders
  66 river rats
  4 shadow imps
  3 oozes (Lair:7)
  5 worms
  2 dart slugs (D:1)
  5 giant geckos
  89 orcs
  9 bats
  5 giant cockroaches
  3 goblins
  2 hobgoblins (D:1)
  14 jackals
  5 quokkas
  A giant gecko zombie (D:6)
  8 giant newts
  16 kobolds
  7 rats
  A briar patch (Swamp:4)
  11 fungi
  8 plants
1703 creatures vanquished.

Vanquished Creatures (collateral kills)
  Nikola (Spider:3)
  A golden dragon (Vaults:5)
  Xtahua (Vaults:2)
  2 tentacled monstrosities (Vaults:5)
  A thorn hunter (Swamp:4)
  A shadow dragon (Vaults:5)
  A tengu reaver (Vaults:5)
  A frost giant (Vaults:5)
  4 vault wardens
  2 ironheart preservers
  A green draconian (Depths:5)
  A black draconian (Depths:5)
  2 mottled draconians
  5 vault guards (Vaults:5)
  A deep elf high priest (Vaults:5)
  3 fire dragons
  3 yaktaur captains (Vaults:5)
  Harold (Orc:1)
  7 hydras
  An entropy weaver (Spider:3)
  An ice dragon (Depths:5)
  3 ogre magi
  2 alligators (Swamp:1)
  A queen ant (Lair:7)
  5 death yaks
  6 hell knights (Depths:5)
  An iron troll (Depths:5)
  2 swamp dragons (Swamp:4)
  A hill giant (Orc:2)
  A wizard (Vaults:2)
  3 deep elf archers
  2 deep trolls
  An ironbrand convoker (Vaults:5)
  A necromancer (Depths:5)
  2 deep elf magi (Vaults:4)
  3 orb spiders
  3 wolf spiders (Spider:4)
  An orb spider (shapeshifter) (Vaults:5)
  2 hornets
  5 ugly things
  4 elephants (Lair:2)
  A black mamba (shapeshifter) (Vaults:2)
  Joseph (D:8)
  2 vault sentinels
  A spiny frog (Lair:5)
  A komodo dragon (Lair:8)
  A freezing wraith (Vaults:4)
  An entropy weaver zombie (D:15)
  3 trolls (Orc:2)
  A giant leech (Swamp:1)
  6 jumping spiders (Spider:4)
  5 slime creatures
  8 two-headed ogres
  2 blink frogs (Lair:8)
  4 bog bodies
  16 redbacks
  3 spriggans
  3 tarantellas
  12 yaks
  A basilisk (Lair:8)
  A steam dragon (Lair:8)
  4 vampire mosquitoes
  6 soldier ants (Lair:7)
  A swamp worm (Swamp:4)
  A swamp drake (Swamp:4)
  6 orc warriors
  4 wasps
  4 wolves (Lair:8)
  2 boggarts (Vaults:2)
  22 ogres
  A crocodile (Lair:7)
  A centaur (Vaults:2)
  2 giant frogs
  6 killer bees
  2 orc priests
  4 iguanas
  10 worker ants
  5 river rats
  4 orcs
248 creatures vanquished.

Vanquished Creatures (others)
  A black mamba (Lair:7)
  2 jumping spiders (Spider:3)
  A bog body (Swamp:1)
  A tarantella (shapeshifter) (Depths:3)
  An orc wizard (Vaults:5)
  A river rat (Lair:7)
  4 briar patches
  22 fungi
  10 plants
  2 withered plants (D:15)
45 creatures vanquished.

Grand Total: 1996 creatures vanquished

Notes
Turn   | Place    | Note
--------------------------------------------------------------
     0 | D:1      | Svalin the Hill Orc Berserker began the quest for the Orb.
     0 | D:1      | Reached XP level 1. HP: 19/19 MP: 1/1
   264 | D:1      | Reached XP level 2. HP: 26/26 MP: 2/2
   473 | D:1      | Reached skill level 5 in Axes
   996 | D:1      | Reached XP level 3. HP: 18/31 MP: 3/3
  1236 | D:1      | Reached ** piety under Trog
  1502 | D:2      | Reached skill level 6 in Axes
  1737 | D:2      | Noticed Natasha
  1745 | D:2      | Reached XP level 4. HP: 39/39 MP: 4/4
  1753 | D:2      | Killed Natasha
  2086 | D:2      | Reached skill level 7 in Axes
  2304 | D:3      | Noticed Eucla's ghost (amateur DDFi)
  2338 | D:3      | Killed Eucla's ghost
  2338 | D:3      | Reached XP level 5. HP: 46/46 MP: 5/5
  2338 | D:3      | Reached XP level 6. HP: 52/52 MP: 6/6
  2474 | D:3      | Gained mutation: You have a pair of small antennae on your head. [potion of beneficial mutation]
  3384 | D:4      | Found a staircase to the Ecumenical Temple.
  3422 | D:4      | Reached *** piety under Trog
  3731 | D:4      | Reached skill level 8 in Axes
  3750 | D:4      | Reached XP level 7. HP: 59/60 MP: 7/7
  4002 | D:4      | Reached skill level 5 in Armour
  4279 | D:5      | Entered Level 5 of the Dungeon
  4404 | D:5      | Reached skill level 5 in Fighting
  4511 | D:5      | Gained mutation: You are somewhat resistant to further mutation. [potion of mutation]
  4511 | D:5      | Gained mutation: Your system is resistant to poisons. [potion of mutation]
  4511 | D:5      | Gained mutation: Your muscles are strong. (Str +2) [potion of mutation]
  4576 | D:5      | Found a runed door.
  4576 | D:5      | Noticed a human
  4579 | D:5      | Found a basalt altar of Yredelemnul.
  4623 | D:5      | Killed a human
  4645 | D:5      | Reached XP level 8. HP: 6/69 MP: 8/8
  5675 | D:6      | Reached skill level 9 in Axes
  6604 | D:6      | Reached XP level 9. HP: 72/79 MP: 9/9
  7095 | D:7      | Reached **** piety under Trog
  7446 | D:7      | Noticed ochandle's ghost (amateur HOFi)
  7462 | D:7      | Killed ochandle's ghost
  7462 | D:7      | Reached skill level 10 in Axes
  7795 | D:7      | Noticed a troll
  7813 | D:7      | Killed a troll
  8198 | D:8      | Noticed Joseph
  8223 | D:8      | Killed Joseph
  8223 | D:8      | Reached skill level 10 in Armour
  8469 | D:8      | Reached XP level 10. HP: 90/90 MP: 10/10
  8593 | D:8      | Reached skill level 11 in Axes
  8596 | D:8      | Found Immituw's Food Boutique.
  8849 | D:9      | Noticed a white ugly thing
  8859 | D:9      | Killed a white ugly thing
  9231 | D:9      | Found a shattered altar of Ashenzari.
  9231 | D:9      | Found an iron altar of Okawaru.
  9763 | D:9      | Noticed a cyan ugly thing
  9773 | D:9      | Killed a cyan ugly thing
  9773 | D:9      | Reached skill level 12 in Axes
  9796 | D:9      | Reached XP level 11. HP: 99/99 MP: 11/11
 10147 | D:10     | Entered Level 10 of the Dungeon
 10162 | D:10     | Reached skill level 10 in Fighting
 10226 | D:10     | Found a staircase to the Lair.
 10493 | D:10     | Noticed a centaur warrior
 10495 | D:10     | Noticed an orc knight
 10530 | D:10     | Killed a centaur warrior
 10549 | D:10     | Killed an orc knight
 11086 | D:10     | Noticed a purple ugly thing
 11112 | D:10     | Killed a purple ugly thing
 11508 | D:10     | Noticed an unseen horror
 11521 | D:10     | Killed an unseen horror
 11592 | Lair:1   | Entered Level 1 of the Lair of Beasts
 11592 | Lair:1   | Found a labyrinth entrance.
 11603 | Lab      | Entered a labyrinth
 11855 | Lab      | Reached skill level 13 in Axes
 12119 | Lab      | Noticed a minotaur
 12131 | Lab      | Killed a minotaur
 12399 | Lair:1   | Reached skill level 1 in Evocations
 12404 | Lair:1   | Reached ***** piety under Trog
 12483 | Lair:1   | Reached XP level 12. HP: 110/110 MP: 12/12
 13206 | Lair:1   | You fall through a shaft!
 14568 | Lair:3   | Noticed unimpressed's ghost (journeyman MiBe)
 14579 | Lair:3   | Killed unimpressed's ghost
 14579 | Lair:3   | Reached skill level 14 in Axes
 14583 | Lair:3   | Noticed Gastronok
 14612 | Lair:3   | Killed Gastronok
 15317 | Lair:3   | Noticed a four-headed hydra
 15326 | Lair:3   | Killed a four-headed hydra
 15701 | Lair:4   | Reached skill level 5 in Evocations
 15788 | Lair:4   | Found a hole to the Spider Nest.
 15926 | Lair:4   | Reached XP level 13. HP: 119/119 MP: 16/16
 17156 | Lair:5   | Found a frozen archway.
 17175 | Lair:5   | Reached skill level 15 in Armour
 17476 | Lair:5   | Found a staircase to the Swamp.
 17531 | Lair:5   | Reached skill level 15 in Axes
 19024 | Lair:6   | Reached XP level 14. HP: 97/130 MP: 19/19
 20150 | Lair:7   | Received a gift from Trog
 20173 | Lair:7   | Reached skill level 16 in Axes
 20484 | Lair:7   | Got a fine marble ring
 20515 | Lair:7   | Identified the ring of Ugad {EV+1 Int+3} (You found it on level 7 of the Lair of Beasts)
 20695 | Lair:7   | Found a staircase to the Slime Pits.
 21509 | Lair:7   | Received a gift from Trog
 21599 | Lair:8   | Entered Level 8 of the Lair of Beasts
 22228 | Lair:8   | Reached skill level 15 in Fighting
 22371 | Lair:8   | Received a gift from Trog
 23528 | D:11     | Reached XP level 15. HP: 111/141 MP: 7/21
 23728 | D:11     | Reached skill level 17 in Axes
 24011 | D:11     | Found a staircase to the Orcish Mines.
 24031 | Orc:1    | Entered Level 1 of the Orcish Mines
 24127 | Orc:1    | Noticed Snorg
 24146 | Orc:1    | Killed Snorg
 24309 | Orc:1    | Noticed Harold
 24319 | Orc:1    | Killed Harold
 24444 | Orc:2    | Entered Level 2 of the Orcish Mines
 24601 | Orc:2    | Found Koaroih's General Store.
 24606 | Orc:2    | Found Tulem's General Store.
 24666 | Orc:2    | Noticed an orc warlord
 24694 | Orc:2    | Killed an orc warlord
 24978 | Orc:2    | Found a staircase to the Elven Halls.
 25134 | Orc:2    | Found Hemeludu's Weapon Shop.
 25143 | Orc:2    | Bought the +12 battleaxe of the Grey Skies {chop, -Tele SInv Stlth+} for 781 gold pieces
 25358 | Orc:2    | Reached skill level 10 in Evocations
 25368 | Orc:2    | Received a gift from Trog
 25376 | Orc:2    | Found Moxt's Antique Weapon Shoppe.
 25377 | Orc:2    | Found Vosiugeuxi's Book Shoppe.
 25756 | Orc:2    | Found Cisu's Armour Boutique.
 25761 | Orc:2    | Found Nougapha's Gadget Emporium.
 25776 | Orc:2    | Bought the +9 plate armour of Jaylys {rElec} for 820 gold pieces
 26982 | Spider:1 | Entered Level 1 of the Spider Nest
 27384 | Spider:1 | Noticed an emperor scorpion
 27399 | Spider:1 | Killed an emperor scorpion
 27399 | Spider:1 | Reached skill level 5 in Dodging
 28353 | Spider:1 | Received a gift from Trog
 28777 | Spider:2 | Reached skill level 18 in Axes
 28843 | Spider:2 | Reached XP level 16. HP: 143/151 MP: 22/24
 29269 | Spider:2 | Received a gift from Trog
 30487 | Spider:3 | Noticed Nikola
 30496 | Spider:3 | Killed Nikola
 30876 | Spider:3 | Noticed Agnes
 30881 | Spider:3 | Killed Agnes
 31130 | Spider:3 | Noticed Arachne
 31138 | Spider:3 | Killed Arachne
 31349 | Spider:4 | Entered Level 4 of the Spider Nest
 31355 | Spider:4 | Received a gift from Trog
 32032 | Spider:4 | Reached skill level 19 in Axes
 32200 | Spider:4 | Reached XP level 17. HP: 127/161 MP: 0/25
 33226 | Spider:4 | Got a gossamer rune of Zot
 33498 | Swamp:1  | Entered Level 1 of the Swamp
 34097 | Swamp:1  | Received a gift from Trog
 34518 | Swamp:2  | Noticed Aizul
 34529 | Swamp:2  | Killed Aizul
 35311 | Swamp:3  | Got a pair of scorched boots
 35321 | Swamp:3  | Identified the +2 pair of boots "Xuex" {rF+} (You found it on level 3 of the Swamp)
 35330 | Swamp:4  | Entered Level 4 of the Swamp
 35711 | Swamp:4  | Reached skill level 20 in Axes
 35846 | Swamp:4  | Reached XP level 18. HP: 76/173 MP: 27/27
 36528 | Swamp:4  | Got a decaying rune of Zot
 38838 | D:13     | Found a snail-covered altar of Cheibriados.
 38872 | D:13     | Found a gate to the Vaults.
 39189 | D:13     | Received a gift from Trog
 39513 | D:14     | You fall through a shaft!
 39513 | D:15     | Entered Level 15 of the Dungeon
 39549 | D:14     | Found Efaimipn's Antique Armour Boutique.
 39558 | D:14     | Bought a pair of glowing gloves for 135 gold pieces
 40142 | D:14     | Found a glowing golden altar of the Shining One.
 40711 | D:15     | Identified a scroll of acquirement
 40744 | D:15     | Found a staircase to the Depths.
 41205 | Vaults:1 | Entered Level 1 of the Vaults
 41590 | Vaults:1 | Received a gift from Trog
 41608 | Vaults:1 | Reached XP level 19. HP: 177/183 MP: 29/29
 41636 | Vaults:1 | Reached skill level 21 in Axes
 43441 | Vaults:2 | Found Xuqon Lips's Antique Weapon Emporium.
 43588 | Vaults:2 | Received a gift from Trog
 43611 | Vaults:2 | Noticed a lich
 43616 | Vaults:2 | Killed a lich
 43950 | Vaults:2 | Found a radiant altar of Vehumet.
 44345 | Vaults:2 | Received a gift from Trog
 44720 | Vaults:2 | Noticed Xtahua
 44734 | Vaults:2 | Killed Xtahua
 44871 | Vaults:2 | Reached skill level 15 in Evocations
 44871 | Vaults:2 | Reached XP level 20. HP: 192/193 MP: 31/31
 44984 | Vaults:2 | Found a staircase to the Crypt.
 45345 | Vaults:3 | Received a gift from Trog
 45985 | Vaults:4 | Reached skill level 22 in Axes
 46624 | Vaults:4 | Got a twisted plate armour
 46635 | Vaults:4 | Identified the +4 plate armour of Indemnity {*Contam +Inv rElec} (You found it on level 4 of the Vaults)
 46659 | Vaults:4 | Gained mutation: Armour fits poorly on your strangely shaped body. [mutagenic glow]
 46777 | Vaults:4 | Received a gift from Trog
 46956 | Vaults:4 | Lost mutation: Armour fits poorly on your strangely shaped body. [potion of cure mutation]
 46956 | Vaults:4 | Lost mutation: You have a pair of small antennae on your head. [potion of cure mutation]
 46956 | Vaults:4 | Lost mutation: Your muscles are strong. (Str +2) [potion of cure mutation]
 46956 | Vaults:4 | Lost mutation: You are somewhat resistant to further mutation. [potion of cure mutation]
 47084 | Vaults:4 | Received a gift from Trog
 48035 | Vaults:5 | Entered Level 5 of the Vaults
 48087 | Vaults:5 | Noticed a golden dragon
 48100 | Vaults:5 | Killed a golden dragon
 48221 | Vaults:5 | Reached XP level 21. HP: 157/204 MP: 10/32
 48228 | Vaults:5 | Received a gift from Trog
 48692 | Vaults:5 | Reached ****** piety under Trog
 49101 | Vaults:5 | Reached skill level 23 in Axes
 49121 | Vaults:5 | Noticed an ancient lich
 49140 | Vaults:5 | Killed an ancient lich
 49903 | Vaults:5 | Noticed a golden dragon
 49912 | Vaults:5 | Killed a golden dragon
 50741 | Vaults:5 | Received a gift from Trog
 50768 | Vaults:5 | Reached XP level 22. HP: 121/214 MP: 33/33
 51802 | Vaults:5 | Got a silver rune of Zot
 52079 | Depths:1 | Entered Level 1 of the Depths
 53102 | Depths:4 | Reached skill level 24 in Axes
 53106 | Depths:4 | Found a gateway to a ziggurat.
 53586 | Depths:4 | Found a one-way gate to the infinite horrors of the Abyss.
 53606 | Depths:4 | Reached skill level 10 in Dodging
 53615 | Depths:4 | Received a gift from Trog
 53763 | Depths:4 | Found a gateway to Hell.
 53843 | Depths:5 | Entered Level 5 of the Depths
 54906 | Depths:5 | Reached XP level 23. HP: 214/224 MP: 34/34
 54986 | Depths:5 | Received a gift from Trog
 55358 | Depths:5 | Found a gate to the Realm of Zot.
 55398 | Depths:5 | Noticed a golden dragon
 55403 | Depths:5 | Killed a golden dragon
 55638 | Zot:1    | Entered Level 1 of the Realm of Zot
 55647 | Zot:1    | Noticed a golden dragon
 55658 | Zot:1    | HP: 5/337 [moth of wrath (14)]
 55659 | Zot:1    | Slain by a death cob

Skill      XL: |  1  2  3  4  5  6  7  8  9 10 11 12 13 14 15 16 17 18 19 20 21 22 23 |
---------------+----------------------------------------------------------------------+-----
Axes           | 5 6 7 8 9 10 12 13 14 15 16 18 19 20 21 22 23 24 | 24.6
Fighting       | 4 5 7 8 9 11 12 13 15 16 17 18 19 20 21 22 | 22.7
Armour         | 3 4 6 8 10 12 13 14 15 16 17 18 19 20 21 22 | 22.1
Evocations     | 1 5 7 9 10 11 12 13 15 | 15.0
Dodging        | 2 5 7 9 10 | 10.7

Action                   |  1- 3 |  4- 6 |  7- 9 | 10-12 | 13-15 | 16-18 | 19-21 | 22-24 || total
-------------------------+-------+-------+-------+-------+-------+-------+-------+-------++-------
Melee: Mace              |    44 |       |       |       |       |       |       |       ||    44
       Hand axe          |    56 |   189 |   273 |       |       |       |       |       ||   518
       War axe           |       |       |   160 |   730 |   886 |       |       |       ||  1776
       Battleaxe         |       |       |       |       |   562 |  1177 |  1021 |   514 ||  3274
       Broad axe         |       |       |       |       |       |       |     7 |    50 ||    57
Invok: Berserk           |     3 |     3 |     9 |    12 |    12 |     7 |       |     1 ||    47
       Trog's Hand       |       |     1 |     2 |     5 |     5 |     3 |     7 |     4 ||    27
       Brothers in Arms  |       |       |     1 |     4 |    23 |    20 |    19 |    20 ||    87
       Burn Spellbooks   |       |       |       |     3 |     4 |     4 |     5 |     2 ||    18
Evoke: Wand              |       |       |       |     3 |    11 |    21 |       |     3 ||    38
       Lamp of fire      |       |       |       |       |     1 |     1 |       |       ||     2
       Fan of gales      |       |       |       |       |       |     1 |       |       ||     1
       Box of beasts     |       |       |       |       |       |       |       |     1 ||     1
  Use: Scroll            |     4 |     5 |     2 |    14 |    10 |    18 |    15 |     9 ||    77
       Potion            |       |     1 |     1 |     1 |     1 |     5 |     8 |     5 ||    22
 Stab: Distracted        |       |       |       |     1 |     2 |     4 |     4 |     2 ||    13
       Held in net/web   |       |       |       |       |       |     1 |       |       ||     1
       Petrifying        |       |       |       |       |       |     2 |       |       ||     2
       Invisible         |       |       |       |       |       |       |     2 |       ||     2
  Eat: Chunk             |     3 |    11 |    22 |    35 |    59 |    49 |    20 |     9 ||   208
       Beef jerky        |     1 |       |     1 |     2 |       |     1 |       |       ||     5
       Fruit             |       |       |       |     5 |       |       |       |       ||     5
       Meat ration       |       |       |       |     1 |       |       |       |       ||     1
       Royal jelly       |       |       |       |       |       |     1 |       |     3 ||     4
       Bread ration      |       |       |       |       |       |       |     2 |     1 ||     3
Armor: Animal skin       |     9 |       |       |       |       |       |       |       ||     9
       Leather armour    |     6 |     8 |       |       |       |       |       |       ||    14
       Chain mail        |       |   100 |   162 |       |       |       |       |       ||   262
       Plate armour      |       |       |    11 |   109 |   125 |   962 |   491 |   343 ||  2041
       Crystal plate arm |       |       |       |   252 |   756 |       |       |       ||  1008
Dodge: Dodged            |    61 |    91 |   242 |   391 |   818 |  1112 |   577 |   419 ||  3711
